Description

A straight to Roach build order that is still quite safe and allows for a +1 roach timing push while you expand.

Replay - Easy v Iksf - Echo LE (Void)

Build Order

Get SALT Encoding   

  12  0:00  Drone  
  13  0:09  Drone  
  14  0:17  Overlord  
  14  0:23  Drone, Extractor  
  15  0:37  Drone x2  
  17  0:45  Spawning Pool  
  17  0:47  Drone  
  17  1:08  Hatchery  
  16  1:12  Drone  
  16  1:17  Overlord  
  17  1:25  Extractor  
  17  1:31  Zergling x4  
  18  1:34  Queen  
  18  1:38  Drone  
  21  1:48  Drone  
  22  1:59  Drone  
  23  2:09  Queen  
  23  2:13  Drone  
  26  2:21  Drone x2, Queen  
  30  2:34  Overlord  
  30  2:37  Drone  
  31  2:45  Drone x2  
  31  2:46  Drone x2  
  31  2:47  Lair  
  36  2:51  Drone  
  36  2:57  Evolution Chamber  
  35  2:59  Overlord  
  35  3:02  Drone  
  36  3:07  Drone  
  37  3:13  Drone  
  37  3:18  Roach Warren  
  37  3:22  Drone  
  37  3:23  Drone x2  
  40  3:30  Drone x2  
  40  3:31  Drone x2  
  40  3:33  Overlord  
  44  3:42  Evolution Chamber, Zerg Missile Weapons Level 1  
  44  3:43  Drone  
  44  3:44  Drone  
  44  3:47  Extractor  
  44  3:49  Drone, Extractor  
  44  3:52  Drone x2  
  46  3:57  Glial Reconstitution  
  46  4:01  Drone x2  
  48  4:03  Drone x2  
  48  4:05  Drone  
  51  4:10  Overlord  
  51  4:17  Roach x2  
  51  4:18  Roach  
  51  4:22  Roach  
  59  4:30  Roach  
  61  4:32  Overlord  
  61  4:33  Overlord  
  61  4:34  Roach x2  
  65  4:40  Overseer  
  65  4:44  Roach  
  66  4:55  Overlord  
  66  4:57  Roach x2  
  66  4:58  Hatchery  
  69  5:00  Roach  
  71  5:12  Roach x3  
  71  5:13  Roach x2  
  81  5:15  Overlord  
  81  5:19  Drone x3  
  84  5:25  Drone  
  85  5:30  Overlord  
  85  5:31  Drone x2  
  85  5:32  Drone x2  
  90  5:42  Drone  
  90  5:43  Drone  
  88  5:53  Roach x4  
  90  6:03  Drone x4  
  86  6:09  Extractor  
  86  6:10  Extractor  
  86  6:12  Drone x3  
  86  6:15  Ravager x4  
  91  6:19  Hatchery  
  91  6:21  Roach  
  91  6:23  Roach x2  
  91  6:25  Ravager x2  
  98  6:30  Roach  
  98  6:32  Overlord x2  
  100  6:34  Zerg Missile Weapons Level 2  
  91  6:40  Roach x3  
  91  6:46  Roach x3  
  103  6:50  Roach x2  
  107  6:59  Roach x4  
Spawning Tool Build Advisor. Get it on Overwolf

Go to:

Details

  • Created by: AvonMexicola
  • Published on: Jan 17, 2017
  • Modified on: Jan 17, 2017
  • Patch: 3.8.0
  • Difficulty: Easy
Show
View Real Time Build Order
Export as new Build Order

Comments (0)

There are no comments. Be the first!

Create an account to comment!